[ AOE2 MATCH · #513839563 ]
UnrankedBerbers vs Khmer
Player's team · WIN
Rival team · LOSS
[ REPLAY ANALYSIS · EXTRACTED FROM THE RECORDED GAME ]
Feudal
13:36
Castle
18:28
Imperial
36:50
| APM avg | 47.2 |
| APM peak | 77 |
| eAPM avg | 25.6 |
| Villagers / military | 92 / 60 |
Focus
⚔️ 22.5% · 🌾 77.5%
Camel Scout ×46 · Fishing Ship ×35 · Monk ×7 · Trebuchet (Packed) ×5 · Demolition Raft ×2
Feudal
12:52
Castle
16:27
Imperial
—
| APM avg | 24.4 |
| APM peak | 44 |
| eAPM avg | 15.1 |
| Villagers / military | 97 / 51 |
Focus
⚔️ 40.0% · 🌾 60.0%
Battle Elephant ×15 · Spearman ×10 · Mangonel ×9 · Scout Cavalry ×9 · Battering Ram ×5 · Fishing Ship ×4
Match map
Initial resources + every placement click. Lines = walls · curves = elevation contours. ◆ gold · ⬟ stone · ● berries · ✦ relic · ◌ wall gap
Your base· Open — unwalled flank
kinghandles's base· Open — 14t gap
Smoothed initial terrain · ◌ = detected wall gap · hover for details
Inputs per minute
— whosyourmama - - kinghandles
Build order — whosyourmama
First 150 of 261 actions detected
| 0:05 | Build | Town Center |
| 0:39 | Build | Dock |
| 0:42 | Build | House |
| 0:50 | Build | House |
| 1:39 | Build | House |
| 2:16 | Queue | Villager (Male) |
| 2:17 | Queue | Villager (Male) |
| 2:17 | Queue | Villager (Male) |
| 2:17 | Queue | Villager (Male) |
| 2:17 | Queue | Villager (Male) |
| 3:22 | Queue | Villager (Male) |
| 3:22 | Queue | Villager (Male) |
| 3:58 | Queue | Villager (Male) |
| 3:59 | Queue | Villager (Male) |
| 4:18 | Queue | Villager (Male) |
| 4:18 | Queue | Villager (Male) |
| 4:49 | Queue | Fishing Ship |
| 4:49 | Queue | Fishing Ship |
| 4:52 | Queue | Villager (Male) |
| 4:52 | Queue | Villager (Male) |
| 5:08 | Queue | Villager (Male) |
| 5:08 | Queue | Villager (Male) |
| 5:54 | Queue | Fishing Ship |
| 5:55 | Queue | Fishing Ship |
| 5:58 | Research | Loom |
| 5:58 | Research | Loom |
| 6:16 | Queue | Villager (Male) |
| 6:16 | Queue | Villager (Male) |
| 6:16 | Queue | Villager (Male) |
| 6:16 | Queue | Villager (Male) |
| 6:17 | Queue | Villager (Male) |
| 6:23 | Build | House |
| 6:42 | Queue | Villager (Male) |
| 6:43 | Queue | Villager (Male) |
| 6:43 | Queue | Villager (Male) |
| 6:52 | Build | House |
| 7:04 | Queue | Villager (Male) |
| 7:04 | Queue | Villager (Male) |
| 7:16 | Queue | Fishing Ship |
| 7:16 | Queue | Fishing Ship |
| 7:16 | Queue | Fishing Ship |
| 8:10 | Build | Mill |
| 8:18 | Queue | Villager (Male) |
| 8:18 | Queue | Villager (Male) |
| 8:18 | Queue | Villager (Male) |
| 8:19 | Queue | Villager (Male) |
| 8:31 | Queue | Fishing Ship |
| 8:32 | Queue | Fishing Ship |
| 8:48 | Queue | Villager (Male) |
| 8:48 | Queue | Villager (Male) |
| 8:57 | Queue | Fishing Ship |
| 8:57 | Queue | Fishing Ship |
| 9:07 | Build | House |
| 9:19 | Queue | Villager (Male) |
| 9:19 | Queue | Villager (Male) |
| 9:32 | Build | House |
| 10:04 | Queue | Fishing Ship |
| 10:04 | Queue | Fishing Ship |
| 10:25 | Queue | Fishing Ship |
| 10:51 | Queue | Fishing Ship |
| 11:09 | Research | Feudal Age |
| 11:09 | Research | Feudal Age |
| 11:29 | Build | Lumber Camp |
| 11:35 | Queue | Villager (Male) |
| 12:13 | Build | Palisade Gate |
| 12:28 | Build | House |
| 13:10 | Build | Barracks |
| 13:22 | Build | Mining Camp |
| 13:30 | Build | House |
| 13:34 | Build | Palisade Wall |
| 13:36 | Age | Feudal Age |
| 13:40 | Queue | Villager (Male) |
| 13:41 | Research | Double-Bit Axe |
| 14:28 | Build | Stable |
| 14:33 | Queue | Villager (Male) |
| 14:33 | Queue | Villager (Male) |
| 14:58 | Queue | Villager (Male) |
| 15:10 | Build | Blacksmith |
| 15:20 | Build | Palisade Wall |
| 15:46 | Research | Castle Age |
| 15:47 | Research | Castle Age |
| 15:48 | Research | Gold Mining |
| 15:58 | Research | Fishing Lines |
| 15:58 | Research | Fishing Lines |
| 16:16 | Build | Palisade Wall |
| 16:19 | Build | Palisade Gate |
| 16:35 | Build | House |
| 16:35 | Build | House |
| 16:36 | Build | House |
| 16:39 | Build | House |
| 17:04 | Research | Bloodlines |
| 17:06 | Research | Scale Barding Armor |
| 17:06 | Research | Forging |
| 17:11 | Build | Stable |
| 17:57 | Build | Lumber Camp |
| 18:09 | Build | House |
| 18:11 | Build | House |
| 18:12 | Build | House |
| 18:15 | Build | House |
| 18:28 | Age | Castle Age |
| 18:29 | Queue | Camel Scout |
| 18:29 | Queue | Camel Scout |
| 18:29 | Queue | Camel Scout |
| 18:30 | Queue | Camel Scout |
| 18:30 | Queue | Camel Scout |
| 18:42 | Build | Monastery |
| 19:02 | Queue | Camel Scout |
| 19:11 | Queue | Monk |
| 19:11 | Queue | Monk |
| 19:15 | Build | Town Center |
| 19:34 | Queue | Villager (Male) |
| 19:38 | Queue | Villager (Male) |
| 20:02 | Queue | Villager (Male) |
| 20:02 | Queue | Villager (Male) |
| 20:13 | Research | Husbandry |
| 21:04 | Build | Dock |
| 21:11 | Queue | Camel Scout |
| 21:11 | Queue | Camel Scout |
| 21:29 | Build | Town Center |
| 21:41 | Queue | Monk |
| 21:41 | Queue | Monk |
| 21:46 | Queue | Camel Scout |
| 21:46 | Queue | Camel Scout |
| 21:52 | Queue | Demolition Raft |
| 21:52 | Queue | Demolition Raft |
| 21:56 | Build | Dock |
| 22:00 | Queue | Fishing Ship |
| 22:00 | Queue | Fishing Ship |
| 22:25 | Queue | Villager (Male) |
| 22:25 | Queue | Villager (Male) |
| 22:25 | Queue | Villager (Male) |
| 22:33 | Queue | Fishing Ship ×2 |
| 23:36 | Queue | Monk |
| 23:45 | Queue | Camel Scout |
| 23:45 | Queue | Camel Scout |
| 23:45 | Queue | Camel Scout |
| 23:46 | Queue | Villager (Male) |
| 23:47 | Queue | Villager (Male) |
| 23:51 | Build | Stable |
| 24:02 | Queue | Fishing Ship ×4 |
| 24:08 | Queue | Villager (Male) |
| 24:16 | Build | House |
| 24:16 | Build | House |
| 24:16 | Build | House |
| 24:17 | Build | House |
| 24:17 | Build | House |
| 24:17 | Build | House |
| 24:47 | Build | House |
| 24:47 | Build | House |
| 24:48 | Build | House |
Build order — kinghandles
First 150 of 245 actions detected
| 0:21 | Build | Town Center |
| 2:07 | Queue | Villager (Male) |
| 2:07 | Queue | Villager (Male) |
| 2:07 | Queue | Villager (Male) |
| 2:26 | Build | House |
| 3:09 | Queue | Villager (Male) |
| 3:35 | Build | Dock |
| 3:38 | Build | House |
| 3:56 | Queue | Villager (Male) |
| 3:56 | Queue | Villager (Male) |
| 4:19 | Queue | Villager (Male) |
| 4:20 | Queue | Villager (Male) |
| 4:48 | Queue | Villager (Male) |
| 4:48 | Queue | Villager (Male) |
| 4:51 | Queue | Fishing Ship |
| 5:13 | Queue | Villager (Male) |
| 5:13 | Queue | Villager (Male) |
| 5:31 | Queue | Fishing Ship |
| 5:40 | Queue | Villager (Male) |
| 5:40 | Queue | Villager (Male) |
| 5:57 | Build | House |
| 6:08 | Research | Loom |
| 6:16 | Queue | Villager (Male) |
| 6:38 | Build | House |
| 6:50 | Queue | Villager (Male) |
| 6:57 | Build | Mill |
| 6:59 | Queue | Villager (Male) |
| 7:37 | Queue | Villager (Male) |
| 7:38 | Queue | Villager (Male) |
| 7:51 | Queue | Fishing Ship |
| 8:05 | Queue | Villager (Male) |
| 8:05 | Queue | Villager (Male) |
| 8:07 | Queue | Villager (Male) |
| 8:08 | Queue | Villager (Male) |
| 8:12 | Build | House |
| 8:21 | Queue | Villager (Male) |
| 8:21 | Queue | Villager (Male) |
| 8:33 | Queue | Villager (Male) |
| 8:38 | Build | House |
| 8:58 | Queue | Villager (Male) |
| 9:05 | Build | House |
| 10:21 | Queue | Fishing Ship |
| 10:29 | Research | Feudal Age |
| 10:49 | Queue | Villager (Male) |
| 11:32 | Build | Mining Camp |
| 12:22 | Build | House |
| 12:49 | Build | House |
| 12:52 | Age | Feudal Age |
| 13:22 | Queue | Villager (Male) |
| 13:44 | Research | Castle Age |
| 13:49 | Build | Lumber Camp |
| 14:00 | Build | House |
| 14:19 | Research | Double-Bit Axe |
| 14:28 | Build | Outpost |
| 14:33 | Research | Town Watch |
| 14:34 | Queue | Villager (Male) |
| 15:11 | Build | Outpost |
| 15:24 | Build | Stable |
| 16:04 | Build | Outpost |
| 16:14 | Build | Outpost |
| 16:27 | Age | Castle Age |
| 16:31 | Build | Siege Workshop |
| 16:36 | Queue | Battle Elephant |
| 16:36 | Queue | Battle Elephant |
| 17:15 | Queue | Battle Elephant |
| 17:15 | Queue | Battle Elephant |
| 17:17 | Build | House |
| 17:19 | Queue | Villager (Male) |
| 17:20 | Queue | Villager (Male) |
| 17:20 | Queue | Villager (Male) |
| 17:21 | Queue | Mangonel |
| 17:22 | Queue | Mangonel |
| 17:34 | Queue | Villager (Male) |
| 17:49 | Build | Watch Tower |
| 18:02 | Queue | Battle Elephant |
| 18:02 | Queue | Battle Elephant |
| 18:06 | Queue | Villager (Male) |
| 18:44 | Queue | Villager (Male) |
| 18:56 | Queue | Battle Elephant |
| 18:56 | Queue | Battle Elephant |
| 19:13 | Queue | Villager (Male) |
| 19:30 | Build | Mining Camp |
| 19:31 | Queue | Villager (Male) |
| 19:37 | Queue | Mangonel |
| 19:42 | Build | Lumber Camp |
| 19:46 | Build | Farm |
| 19:47 | Build | Farm |
| 19:53 | Queue | Scout Cavalry |
| 19:53 | Queue | Scout Cavalry |
| 20:00 | Build | Farm |
| 20:37 | Queue | Villager (Male) |
| 20:45 | Queue | Battle Elephant |
| 20:45 | Queue | Battle Elephant |
| 20:56 | Queue | Villager (Male) |
| 21:14 | Queue | Battering Ram |
| 21:15 | Queue | Battering Ram |
| 21:23 | Queue | Scout Cavalry |
| 21:23 | Queue | Scout Cavalry |
| 21:36 | Queue | Villager (Male) |
| 21:42 | Build | Stable |
| 21:55 | Queue | Villager (Male) |
| 22:03 | Queue | Villager (Male) |
| 22:12 | Queue | Villager (Male) |
| 22:24 | Queue | Mangonel |
| 22:30 | Queue | Scout Cavalry |
| 22:31 | Queue | Scout Cavalry |
| 22:50 | Build | Farm |
| 22:51 | Build | Farm |
| 23:04 | Queue | Scout Cavalry |
| 23:05 | Queue | Scout Cavalry |
| 23:07 | Build | Farm |
| 23:14 | Queue | Villager (Male) |
| 23:40 | Build | Siege Workshop |
| 23:41 | Queue | Villager (Male) |
| 23:50 | Queue | Villager (Male) |
| 24:04 | Queue | Mangonel |
| 24:05 | Queue | Mangonel |
| 24:08 | Queue | Villager (Male) |
| 24:12 | Build | House |
| 24:23 | Queue | Villager (Male) |
| 24:40 | Queue | Scout Cavalry |
| 24:55 | Build | House |
| 24:59 | Queue | Mangonel |
| 25:09 | Build | Lumber Camp |
| 25:33 | Queue | Villager (Male) |
| 25:47 | Build | House |
| 25:54 | Queue | Villager (Male) |
| 26:10 | Build | Market |
| 26:19 | Queue | Villager (Male) |
| 26:24 | Queue | Villager (Male) |
| 26:35 | Queue | Villager (Male) |
| 26:59 | Build | Blacksmith |
| 27:26 | Build | Castle |
| 27:39 | Queue | Mangonel |
| 27:40 | Queue | Mangonel |
| 27:49 | Queue | Villager (Male) |
| 28:09 | Queue | Villager (Male) |
| 28:25 | Build | Farm |
| 28:44 | Build | Town Center |
| 28:52 | Queue | Villager (Male) |
| 29:00 | Build | Lumber Camp |
| 29:29 | Queue | Villager (Male) |
| 29:32 | Queue | Villager (Male) |
| 29:34 | Research | Horse Collar |
| 29:50 | Build | Farm |
| 29:50 | Build | Farm |
| 29:50 | Build | Farm |
| 29:50 | Build | Farm |
| 29:51 | Build | Farm |
| 29:51 | Build | Farm |
Match timeline
| 0:39 | whosyourmama · first_building Dock |
| 3:35 | kinghandles · first_building Dock |
| 12:52 | kinghandles · age_up feudal |
| 13:10 | whosyourmama · first_building Barracks |
| 13:34 | whosyourmama · wall_segment Palisade Wall x5 |
| 13:36 | whosyourmama · age_up feudal |
| 14:28 | whosyourmama · first_building Stable |
| 15:20 | whosyourmama · wall_segment Palisade Wall x8 |
| 15:24 | kinghandles · first_building Stable |
| 16:16 | whosyourmama · wall_segment Palisade Wall x12 |
| 16:27 | kinghandles · age_up castle |
| 16:31 | kinghandles · first_building Siege Workshop |
| 18:28 | whosyourmama · age_up castle |
| 18:42 | whosyourmama · first_building Monastery |
| 27:15 | kinghandles · first_market_buy 100 stone |
| 27:26 | kinghandles · first_building Castle |
| 29:48 | whosyourmama · first_market_buy 100 stone |
| 30:49 | kinghandles · first_building Monastery |
| 33:26 | kinghandles · first_building Barracks |
| 34:24 | whosyourmama · first_building Castle |
| 36:50 | whosyourmama · age_up imperial |
| 39:54 | kinghandles · resign |
[ AI ANALYSIS · 1 CREDIT ]
What really happened in this match?
Wolo.gg analyzes every decision: build order, eco, micro, common mistakes by bracket. Personalized analysis on WhatsApp or Discord in 30 seconds.
Civ guide
Berbers
Perfil
Jugador #3171807